 Dungeon Crawl Stone Soup version 0.21.0-3-g78d12a8 (webtiles) character file.

149 Ignatius881 the Chopper (level 5, -6/70 HPs)
             Began as a Minotaur Berserker on Jan 8, 2018.
             Was a Priest of Trog.
             Mangled by imganon's ghost (18 damage)
             ... on level 4 of the Dungeon.
             The game lasted 00:09:06 (3035 turns).

Ignatius881 the Chopper (Minotaur Berserker)        Turns: 3035, Time: 00:09:07

Health: -6/70      AC:  6    Str: 27    XL:     5   Next: 9%
Magic:  4/4        EV: 11    Int:  4    God:    Trog [***...]
Gold:   173        SH:  0    Dex: 10    Spells: 4/4 levels left

rFire    . . .     SeeInvis .   a - +0 hand axe
rCold    . . .     Gourm    .   (no shield)
rNeg     . . .     Faith    .   f - +0 scale mail
rPois    .         Spirit   .   (helmet restricted)
rElec    .         Reflect  .   (no cloak)
rCorr    .         Harm     .   (no gloves)
MR       ++...                  (no boots)
Stlth    ..........             h - amulet of regeneration
HPRegen  1.61/turn              g - +2 ring of slaying
MPRegen  0.09/turn              (no ring)

@: berserking, regenerating, very quick
A: retaliatory headbutt, horns 2
a: Berserk, Trog's Hand, Burn Spellbooks, Renounce Religion


You were on level 4 of the Dungeon.
You worshipped Trog.
Trog was most pleased with you.
You were very hungry.

You visited 1 branch of the dungeon, and saw 4 of its levels.

You collected 173 gold pieces.

Inventory:

Hand Weapons
 a - a +0 hand axe (weapon)
Armour
 b - a +0 animal skin
 d - a +0 ring mail
   (You found it on level 1 of the Dungeon)
 f - a +0 scale mail (worn)
   (You found it on level 3 of the Dungeon)
Jewellery
 g - a +2 ring of slaying (left hand)
   (You found it on level 1 of the Dungeon)
 h - an amulet of regeneration (around neck)
   (You found it on level 1 of the Dungeon)
Wands
 w - a wand of polymorph (16)
   (You found it on level 3 of the Dungeon)
Scrolls
 j - a scroll of magic mapping
 l - 2 scrolls of enchant weapon {unknown}
 n - 2 scrolls of enchant armour {unknown}
 o - 2 scrolls of remove curse {unknown}
 p - a scroll of blinking {unknown}
 r - a scroll of amnesia {unknown}
 s - a scroll of fear {unknown}
 x - a scroll of teleportation {unknown}
Potions
 c - 2 potions of invisibility {unknown}
 i - a potion of ambrosia {unknown}
 k - 2 potions of mutation {unknown}
 q - a potion of agility
 t - a potion of resistance {unknown}
 u - a potion of cancellation {unknown}
 v - a potion of degeneration {unknown}
 z - a potion of berserk rage {unknown}
Comestibles
 e - 3 rations
 m - 2 chunks of flesh


   Skills:
 + Level 4.4 Fighting
 * Level 5.2 Axes
 + Level 3.6 Armour
 + Level 3.2 Dodging


You had 4 spell levels left.
You didn't know any spells.

Dungeon Overview and Level Annotations

Branches:
Dungeon (4/15)
 Temple: D:4-7

Altars:

Annotations:
D:4 imganon's ghost, novice DsBe


Innate Abilities, Weirdness & Mutations

You reflexively headbutt those who attack you in melee.
You have a pair of horns on your head.


Message History

You feel your anger nearly subside.
You are no longer berserk.
You are exhausted.
You feel yourself slow down.
You start resting.
Eating one of 4 chunks of flesh.
You eat one of the 4 chunks of flesh.
You feel the effects of Trog's Hand fading.
Things that are here:
a dagger; a robe; an orc corpse You butcher the orc corpse.
m - 5 chunks of flesh (gained 2)
Things that are here:
a dagger; a robe
Things that are here:
a dagger; a robe Your skin stops crawling.
You feel less resistant to hostile enchantments.
You see here 2 stones.
There is a stone staircase leading down here.
You start waiting.
You feel yourself speed up.
Some of the chunks of flesh in your inventory have rotted away.
You recover from your berserk rage.
Done waiting.
You climb downwards.
Level annotation: imganon's ghost, novice DsBe Imganon's ghost barely misses you.
There is a stone staircase leading up here.
Your skin crawls.
You feel resistant to hostile enchantments.
You feel somewhat more hungry. Imganon's ghost hits you!
You are electrocuted!
A red film seems to cover your vision as you go berserk!
You feel yourself moving faster!
You feel mighty!
You are feeling very hungry.
The orc hits you but does no damage. Imganon's ghost misses you.
You slash imganon's ghost! Your headbutt misses imganon's ghost.
You hit the orc. You hit imganon's ghost. Your headbutt misses imganon's ghost.
You barely miss the orc. Imganon's ghost hits you!
* * * LOW HITPOINT WARNING * * *
You are electrocuted!
* * * LOW HITPOINT WARNING * * *
The orc misses you.
You closely miss imganon's ghost. You slash the orc!
You kill the orc!
Trog accepts your kill.
You slash imganon's ghost!
Imganon's ghost hits you but does no damage.
You are electrocuted!
You die...

. .. .# .. #
.#.#.
##..####......
#....W@).#
.....####......
... ####. .


You could see imganon's ghost.

Vanquished Creatures
  A hound (D:4)
  An orc wizard (D:3)
  2 adders
  4 worms
  4 dart slugs
  A leopard gecko (D:1)
  An orc (D:4)
  9 bats
  5 goblins
  4 hobgoblins
  4 jackals (D:2)
  3 quokkas
  A ball python (D:1)
  6 frilled lizards
  8 kobolds
  9 rats
63 creatures vanquished.

Notes
Turn   | Place    | Note
-------+----------+-------------------------------------------
     0 | D:1      | Ignatius881 the Minotaur Berserker began the quest for the Orb.
     0 | D:1      | Reached XP level 1. HP: 19/19 MP: 0/0
   354 | D:1      | Reached skill level 4 in Axes
   354 | D:1      | Reached XP level 2. HP: 27/27 MP: 1/1
  1345 | D:2      | Reached ** piety under Trog
  1544 | D:2      | Reached XP level 3. HP: 31/33 MP: 2/2
  2430 | D:3      | Reached XP level 4. HP: 40/40 MP: 3/3
  2711 | D:3      | Reached *** piety under Trog
  2860 | D:4      | Reached skill level 5 in Axes
  2871 | D:4      | Noticed imganon's ghost (novice DsBe)
  2906 | D:3      | Reached XP level 5. HP: 42/47 MP: 4/4
  3035 | D:4      | Mangled by imganon's ghost

Skill      XL: |  1  2  3  4 |
---------------+-------------+-----
Axes           | 4 5 |  5.2
Fighting       | 4 |  4.4
Armour         | 3 |  3.6
Dodging        | 3 |  3.2

Action                   |  1- 3 |  4- 6 || total
-------------------------+-------+-------++-------
Melee: Hand axe          |   114 |    39 ||   153
       Headbutt          |    17 |     7 ||    24
Invok: Berserk           |       |     2 ||     2
       Trog's Hand       |       |     2 ||     2
  Use: Scroll            |     3 |       ||     3
  Eat: Chunk             |     5 |     3 ||     8
Armor: Ring mail         |    29 |       ||    29
       Scale mail        |     4 |    21 ||    25
Dodge: Dodged            |    69 |    14 ||    83
